 Dungeon Crawl Stone Soup version 0.22.1-1-ga44c0e56f4 (webtiles) character file.

8271 Elric the Fighter (level 11, -4/102 HPs)
             Began as a Minotaur Fighter on Nov 11, 2018.
             Was an Elder of Makhleb.
             Slain by an ice devil (9 damage)
             ... summoned by a kobold demonologist
             ... on level 11 of the Dungeon.
             The game lasted 00:10:36 (10153 turns).

Elric the Fighter (Minotaur Fighter)               Turns: 10153, Time: 00:10:37

Health: -4/102     AC: 16    Str: 25      XL:     11   Next: 7%
Magic:  14/14      EV:  6    Int:  5      God:    Makhleb [****..]
Gold:   481        SH: 11    Dex:  8 (9)  Spells: 10/10 levels left

rFire    . . .     SeeInvis .   E - +0 war axe (elec)
rCold    + . .     Gourm    .   c - +0 shield
rNeg     . . .     Faith    .   n - +0 plate armour
rPois    .         Spirit   .   w - +2 hat
rElec    .         Reflect  .   (no cloak)
rCorr    .         Harm     .   (no gloves)
MR       .....                  (no boots)
Stlth    ..........             (no amulet)
HPRegen  0.27/turn              k - ring of protection from cold
MPRegen  0.14/turn              z - ring of wizardry

@: no status effects
A: retaliatory headbutt, horns 2
a: Minor Destruction, Lesser Servant of Makhleb, Major Destruction, Renounce
Religion


You were on level 11 of the Dungeon.
You worshipped Makhleb.
Makhleb was greatly pleased with you.
You were near starving.

You visited 1 branch of the dungeon, and saw 11 of its levels.
You also visited: Ossuary.

You collected 481 gold pieces.

Inventory:

Hand Weapons
 a - a +0 war axe
 E - a +0 war axe of electrocution (weapon)
Armour
 b - a +0 scale mail
 c - a +0 shield (worn)
 n - a +0 plate armour (worn)
 w - a +2 hat (worn)
Jewellery
 k - a ring of protection from cold (left hand)
 o - an uncursed ring of flight
 z - a ring of wizardry (right hand)
 K - a cursed -3 ring of dexterity {unknown}
 N - an uncursed ring of fire {unknown}
Wands
 H - a wand of digging (17)
 I - a wand of random effects (17)
Scrolls
 e - 6 scrolls of teleportation
 i - 3 scrolls of immolation
 j - 4 scrolls of remove curse
 l - 13 scrolls of identify
 p - 3 scrolls of random uselessness {unknown}
 v - 3 scrolls of fog {unknown}
 x - 6 scrolls of amnesia {unknown}
 y - a scroll of magic mapping {unknown}
 A - a scroll of vulnerability {unknown}
 C - a scroll of blinking {unknown}
 G - a scroll of enchant armour {unknown}
 J - a scroll of noise {unknown}
Potions
 d - a potion of might
 g - 4 potions of degeneration {unknown}
 h - 2 potions of heal wounds
 m - 4 potions of curing {unknown}
 q - a potion of resistance {unknown}
 r - a potion of berserk rage {unknown}
 s - a potion of magic {unknown}
 t - 2 potions of cancellation {unknown}
 u - 3 potions of flight {unknown}
 B - 2 potions of brilliance {unknown}
 D - a potion of agility {unknown}
 F - 2 potions of haste {unknown}
 L - a potion of invisibility
 M - a potion of mutation {unknown}
Comestibles
 f - 17 rations


   Skills:
 * Level 11.3 Fighting
 * Level 11.3 Axes
 + Level 8.8 Armour
 + Level 8.8 Shields
 + Level 5.9 Invocations


You had 10 spell levels left.
You didn't know any spells.
Your spell library contained the following spells:

 Spells                   Type           Power        Failure   Level  Hunger
 Magic Dart               Conj           #...         99%         1    ##.....
 Blink                    Tloc           N/A          100%        2    ###....
 Call Imp                 Summ           #.......     100%        2    ###....
 Slow                     Hex            #.......     100%        2    ###....
 Conjure Flame            Conj/Fire      #.......     100%        3    ####...
 Mephitic Cloud           Conj/Pois/Air  #.......     100%        3    ####...


Dungeon Overview and Level Annotations

Branches:
Dungeon (11/15)            Temple (0/1) D:7
   Lair: D:8-11         Orc: D:9-12

Altars:
Dithmenos
Hepliaklqana
Makhleb
Nemelex Xobeh
Sif Muna
The Shining One

Annotations:
D:10 3 runed doors


Innate Abilities, Weirdness & Mutations

You reflexively headbutt those who attack you in melee.
You have a pair of horns on your head.


Message History

The kobold demonologist looks braver for a moment.
You hit the sun demon.
You headbutt the sun demon, but do no damage.
The sun demon is moderately wounded.
You hit the ice devil but do no damage.
Lightning courses through the ice devil!
You hit the quasit but do no damage. You block the quasit's attack. x2
The quasit claws you.
You feel clumsy.
The ice devil hits you but does no damage.
The sun demon hits you!
* * * LOW HITPOINT WARNING * * *
You are engulfed in flames!
* * * LOW HITPOINT WARNING * * *
The white imp shouts, "Take thy face hence, thou pecksniffian fat-kidneyed The kobold demonologist looks satisfied for a moment.
The ice devil hits you.
* * * LOW HITPOINT WARNING * * *
The ice devil freezes you! You resist.
You die...

+........
#........
#........
##+##........
#............
####...K.5......
#..#...35.......
#..#...4........
#..###@#........
#......#........
#......+....####
#......#....#
#..##..#....#
#..##..#....#
#...#..#....#
#...+..+....#
#...#.†#....#


You could see a sun demon, an ice devil, a kobold demonologist, a quasit and a
white imp.

Vanquished Creatures
  A tengu warrior (D:11)
  An unseen horror (D:10)
  Pikel (D:6)
  Psyche (D:8)
  A hippogriff (D:11)
  A vampire (D:10)
  5 yaks (D:9)
  Eustachio (D:6)
  Edmund (D:6)
  3 orc warriors
  3 sky beasts
  An ice beast (D:10)
  An eye of draining (D:5)
  2 slaves (D:6)
  A black bear (D:10)
  5 ogres
  A phantom (D:9)
  4 centaurs
  A big kobold (D:9)
  A wyvern zombie (D:11)
  5 bullfrogs
  11 scorpions
  2 howler monkeys
  4 crimson imps
  8 hounds
  4 centaur zombies
  A quasit (D:10)
  2 jellies
  A bullfrog skeleton (D:9)
  4 centaur skeletons
  6 orc priests
  A human zombie (Ossuary)
  2 iguanas
  4 worker ants
  9 orc wizards
  A big kobold zombie (Ossuary)
  3 mummies (Ossuary)
  A worker ant zombie (D:8)
  Robin (D:2)
  A howler monkey skeleton (D:9)
  18 adders
  3 scorpion zombies (Ossuary)
  2 shadow imps
  3 oozes
  A worm (D:2)
  4 dart slugs
  2 leopard geckos
  32 orcs
  6 giant cockroaches
  A gnoll zombie (Ossuary)
  17 goblins
  12 hobgoblins
  6 jackals
  7 quokkas
  3 ball pythons (D:2)
  9 bats
  7 frilled lizards
  3 goblin zombies (Ossuary)
  3 hobgoblin zombies (Ossuary)
  20 kobolds
  2 kobold zombies (Ossuary)
  2 orc zombies (Ossuary)
  2 quokka skeletons
  A quokka zombie (D:8)
  9 rats
282 creatures vanquished.

Notes
Turn   | Place    | Note
-------+----------+-------------------------------------------
     0 | D:1      | Elric the Minotaur Fighter began the quest for the Orb.
     0 | D:1      | Reached XP level 1. HP: 19/19 MP: 0/0
   181 | D:1      | Reached XP level 2. HP: 27/27 MP: 1/1
   428 | D:1      | Reached XP level 3. HP: 33/33 MP: 2/2
   997 | D:2      | Noticed Robin
  1003 | D:2      | Reached XP level 4. HP: 38/40 MP: 3/3
  1009 | D:2      | Killed Robin
  1308 | D:2      | Found a faded altar of an unknown god.
  1313 | D:2      | Reached XP level 5. HP: 47/47 MP: 4/4
  1569 | D:2      | Reached skill level 5 in Fighting
  1849 | D:3      | Reached XP level 6. HP: 11/56 MP: 5/5
  2110 | D:3      | Reached skill level 5 in Axes
  2512 | D:3      | Reached skill level 5 in Armour
  2819 | D:3      | Found a burning altar of Makhleb.
  3095 | D:3      | Became a worshipper of Makhleb the Destroyer
  3215 | D:4      | Reached skill level 5 in Shields
  3364 | D:4      | Found a sand-covered staircase.
  3396 | D:4      | Reached XP level 7. HP: 49/62 MP: 6/6
  3511 | Ossuary  | Entered an ossuary
  3583 | Ossuary  | Reached skill level 1 in Invocations
  3750 | Ossuary  | Reached * piety under Makhleb
  4256 | D:5      | Entered Level 5 of the Dungeon
  4299 | D:5      | Reached XP level 8. HP: 67/71 MP: 8/8
  5154 | D:6      | Noticed Eustachio
  5183 | D:6      | Killed Eustachio
  5466 | D:6      | Reached XP level 9. HP: 46/82 MP: 10/10
  5733 | D:6      | Found a hazy altar of Hepliaklqana.
  5977 | D:6      | Noticed Pikel
  5988 | D:6      | Killed Pikel
  6158 | D:6      | Noticed Edmund
  6186 | D:6      | Killed Edmund
  6186 | D:6      | Reached ** piety under Makhleb
  6670 | D:6      | Found a glowing golden altar of the Shining One.
  7278 | D:7      | Found a staircase to the Ecumenical Temple.
  7391 | D:7      | Found a shadowy altar of Dithmenos.
  7395 | D:7      | Found a deep blue altar of Sif Muna.
  7396 | D:7      | Found a hazy altar of Hepliaklqana.
  7829 | D:8      | Noticed Psyche
  7836 | D:8      | Killed Psyche
  7956 | D:8      | Found a sparkling altar of Nemelex Xobeh.
  8173 | D:9      | Reached XP level 10. HP: 92/93 MP: 12/12
  8242 | D:9      | Reached skill level 10 in Fighting
  8266 | D:9      | Reached skill level 10 in Axes
  8275 | D:9      | Reached skill level 5 in Invocations
  8285 | D:9      | Reached *** piety under Makhleb
  8815 | D:10     | Entered Level 10 of the Dungeon
  8899 | D:10     | Killed an unseen horror
  9524 | D:10     | Found a runed gate.
  9524 | D:10     | Found a runed gate.
  9524 | D:10     | Found a runed gate.
  9526 | D:10     | Noticed a red ugly thing
  9526 | D:10     | Noticed a green ugly thing
  9526 | D:10     | Noticed a red ugly thing
  9526 | D:10     | Noticed a purple very ugly thing
  9527 | D:10     | Noticed a glowing orange brain
  9527 | D:10     | Noticed a red ugly thing
  9870 | D:11     | Noticed a tengu warrior
  9895 | D:11     | Killed a tengu warrior
  9895 | D:11     | Reached **** piety under Makhleb
 10064 | D:11     | Reached XP level 11. HP: 95/102 MP: 14/14
 10147 | D:11     | Noticed a sun demon
 10153 | D:11     | HP: 5/102 [ice devil[a kobold demonologist] (6)]
 10153 | D:11     | Slain by an ice devil

Skill      XL: |  1  2  3  4  5  6  7  8  9 10 |
---------------+-------------------------------+-----
Armour         | 4 5 6 7 8 |  8.8
Shields        | 4 5 6 7 8 |  8.8
Axes           | 3 4 5 6 8 9 11 | 11.3
Fighting       | 4 5 6 8 9 11 | 11.3
Invocations    | 2 3 4 5 |  5.9

Action                   |  1- 3 |  4- 6 |  7- 9 | 10-12 || total
-------------------------+-------+-------+-------+-------++-------
Melee: War axe           |   115 |   204 |   371 |   192 ||   882
       Headbutt          |    11 |    33 |    81 |    46 ||   171
  Use: Scroll            |       |       |     4 |       ||     4
       Potion            |       |       |     1 |     1 ||     2
  Eat: Chunk             |       |     9 |     9 |     4 ||    22
       Ration            |       |       |     2 |       ||     2
Armor: Scale mail        |    33 |       |       |       ||    33
       Plate armour      |    17 |   133 |   226 |   121 ||   497
Dodge: Dodged            |    30 |    35 |    69 |    32 ||   166
Block: Shield            |    57 |   118 |   195 |   101 ||   471
